 Dungeon Crawl Stone Soup version 0.29-a0-321-gf1c400731a (webtiles) character file.

Game seed: 2076549528755453919

429734 Dabor the Omniscient (level 23, -5/252 HPs)
             Began as a Gnoll Wanderer on Apr 5, 2022.
             Was the Champion of Ashenzari.
             Slain by a +0 glaive of flaming (23 damage)
             ... while paralysed by a dread lich
             ... on level 2 of the Depths.
             The game lasted 03:04:57 (59289 turns).

Dabor the Omniscient (Gnoll Wanderer)              Turns: 59289, Time: 03:04:57

Health: -5/252     AC: 31    Str: 16    XL:     23   Next: 54%
Magic:  46/46      EV:  2    Int: 17    God:    Ashenzari [******]
Gold:   841        SH:  0    Dex: 21    Spells: 5/60 levels left

rFire   + . .      SeeInvis +   W - +9 scimitar "Share My Discomfort" {freeze, Self, Melee} (curse)
rCold   + . .      Faith    .   L - +0 kite shield of Star-Bound Wisdom {Evo, Bglg} (curse)
rNeg    + + .      Spirit   .   (body armour currently unavailable)
rPois   ∞          Reflect  .   m - +1 hat of the Fated Heresy {Will+, Melee, Evo} (curse)
rElec   +          Harm     .   y - +0 cloak of Star-Bound Wisdom {rPois rF+ Str+3 Int+2, Comp, Melee} (curse)
rCorr   +          Rampage  .   (gloves currently unavailable)
Will    ++...      Clarity  +   (boots currently unavailable)
Stlth   +++++++...              a - amulet of the Bound Lifelessness {RegenMP, Melee, Fort} (curse)
HPRegen 0.52/turn               R - ring "Share My Visionary" {rF+ rN+ rCorr Dex+5 Slay+2, Cun, Fort} (curse)
MPRegen 0.70/turn               u - ring "Thunder Perfect Mind" {Ice, Self, Cun} (curse)

@: paralysed, statue-form
A: slow and powerful, torment resistance 1, boosted hp, fangs 1, strong nose,
distributed training, weak 1, wild magic 1
}: 3/15 runes: decaying, slimy, gossamer
a: End Transformation, Renounce Religion, Shatter the Chains


You were on level 2 of the Depths.
You worshipped Ashenzari.
Ashenzari was exalted by your worship.
You were a living statue of rough stone.
You visited 8 branches of the dungeon, and saw 41 of its levels.
You visited the Abyss 1 time.
You also visited: Gauntlet.

You collected 5100 gold pieces.
You spent 4259 gold pieces at shops.

Inventory:

Hand Weapons
 W - the cursed +9 scimitar "Share My Discomfort" (weapon) {freeze, Self, Melee}
   (You took it off a wight on level 6 of the Dungeon)

   It freezes those it strikes, dealing additional cold damage.
   It can also slow down cold-blooded creatures.
   It has a curse which improves the following skills: Introspection: Fighting
   and Spellcasting.
   Melee Combat: Short Blades, Long Blades, Axes, Maces & Flails, Polearms,
   Staves and Unarmed Combat.
Missiles
 e - 5 silver javelins
 O - 12 curare-tipped darts
 P - 2 throwing nets
 T - 2 datura-tipped darts
Armour
 m - the cursed +1 hat of the Fated Heresy (worn) {Will+, Melee, Evo}
   (You took it off Gastronok on level 9 of the Dungeon)

   It has a curse which improves the following skills: Melee Combat: Short
   Blades, Long Blades, Axes, Maces & Flails, Polearms, Staves and Unarmed
   Combat.
   Evocations: Evocations.
 v - the cursed +2 pair of gloves of the Unyielding Gaze (melded) {Fort, Melee}
   (You found it on level 3 of the Lair of Beasts)

   It has a curse which improves the following skills: Fortitude: Armour and
   Shields.
   Melee Combat: Short Blades, Long Blades, Axes, Maces & Flails, Polearms,
   Staves and Unarmed Combat.
 y - the cursed +0 cloak of Star-Bound Wisdom (worn) {rPois rF+ Str+3 Int+2, Comp, Melee}
   (You found it in a Gauntlet)

   Str:       It affects your strength (+3).
   Int:       It affects your intelligence (+2).
   rF:        It protects you from fire.
   rPois:     It protects you from poison.
   It has a curse which improves the following skills: Companions: Summonings
   and Necromancy.
   Melee Combat: Short Blades, Long Blades, Axes, Maces & Flails, Polearms,
   Staves and Unarmed Combat.
 L - the cursed +0 kite shield of Star-Bound Wisdom (worn) {Evo, Bglg}
   (You found it on level 11 of the Dungeon)

   It has a curse which improves the following skills: Evocations: Evocations.
   Beguiling: Conjurations, Hexes and Translocations.
 M - the cursed +2 pair of boots of Ashenzari's Urgency (melded) {Evo, Self}
   (You found it on level 11 of the Dungeon)

   It has a curse which improves the following skills: Evocations: Evocations.
   Introspection: Fighting and Spellcasting.
 S - the cursed +4 ring mail "Insecurity of Ashenzari" (melded) {Will+ rCorr Stlth+, Elem, Melee}
   (You bought it in a shop on level 2 of the Orcish Mines)

   rCorr:     It protects you from acid and corrosion.
   Will:      It increases your willpower.
   Stlth:     It makes you more stealthy.
   It has a curse which improves the following skills: Elements: Fire Magic, Ice
   Magic, Air Magic and Earth Magic.
   Melee Combat: Short Blades, Long Blades, Axes, Maces & Flails, Polearms,
   Staves and Unarmed Combat.
Jewellery
 a - the cursed amulet of the Bound Lifelessness (around neck) {RegenMP, Melee, Fort}
   (You found it on level 3 of the Elven Halls)

   [amulet of magic regeneration]

   It increases your rate of magic regeneration.
   It has a curse which improves the following skills: Melee Combat: Short
   Blades, Long Blades, Axes, Maces & Flails, Polearms, Staves and Unarmed
   Combat.
   Fortitude: Armour and Shields.
 u - the cursed ring "Thunder Perfect Mind" (right fist) {Ice, Self, Cun}
   (You found it on level 4 of the Dungeon)

   [ring of ice]

   It enhances your ice magic.
   rF:        It makes you vulnerable to fire.
   rC:        It protects you from cold.
   It has a curse which improves the following skills: Introspection: Fighting
   and Spellcasting.
   Cunning:   Dodging and Stealth.
 R - the cursed ring "Share My Visionary" (left fist) {rF+ rN+ rCorr Dex+5 Slay+2, Cun, Fort}
   (You bought it in a shop on level 2 of the Orcish Mines)

   [ring of resist corrosion]

   Dex:       It affects your dexterity (+5).
   Slay:      It affects your accuracy & damage with ranged weapons and melee
   (+2).
   rF:        It protects you from fire.
   rN:        It protects you from negative energy.
   rCorr:     It protects you from acid and corrosion.
   It has a curse which improves the following skills: Cunning: Dodging and
   Stealth.
   Fortitude: Armour and Shields.
Wands
 j - a wand of acid (11)
 t - a wand of digging (21)
 x - a wand of mindburst (33)
 J - a wand of paralysis (23)
 N - a wand of iceblast (15)
Scrolls
 f - 4 scrolls of immolation
 h - 8 scrolls of blinking
 i - 20 scrolls of teleportation
 k - 12 scrolls of amnesia
 l - 8 scrolls of enchant weapon
 n - 9 scrolls of vulnerability
 o - 2 scrolls of holy word
 s - 3 scrolls of torment
 w - 2 scrolls of summoning
 H - 3 scrolls of fog
 I - 6 scrolls of fear
 U - 7 scrolls of magic mapping
 X - 5 scrolls of brand weapon
 Y - 2 scrolls of silence
Potions
 d - 3 potions of ambrosia
 g - 6 potions of lignification
 p - 15 potions of curing
 q - 2 potions of haste
 r - 4 potions of might
 z - 6 potions of resistance
 A - 3 potions of brilliance
 B - 2 potions of invisibility
 C - 7 potions of heal wounds
 D - 4 potions of flight
 E - 7 potions of cancellation
 K - a potion of berserk rage
 V - 4 potions of mutation
Miscellaneous
 b - a lightning rod (4/4)
 c - a condenser vane
 F - a phial of floods
 G - a tin of tremorstones (1/2)
 Q - a box of beasts
 Z - a phantom mirror


   Skills:
 + Level 15.5(19.3) Fighting
 + Level 16.5(22.5) Short Blades
 + Level 15.9(22.0) Long Blades
 + Level 15.3(21.4) Axes
 + Level 15.3(21.4) Maces & Flails
 + Level 15.3(21.4) Polearms
 + Level 15.3(21.4) Staves
 + Level 15.3 Slings
 + Level 15.3 Bows
 + Level 15.3 Crossbows
 + Level 15.3 Throwing
 + Level 15.5(19.3) Armour
 + Level 15.9(19.7) Dodging
 + Level 15.3(19.1) Stealth
 + Level 15.3(19.1) Shields
 + Level 15.3(21.4) Unarmed Combat
 + Level 15.3(19.1) Spellcasting
 + Level 13.0(15.6) Conjurations
 + Level 13.0(15.6) Hexes
 + Level 13.0(15.6) Summonings
 + Level 13.0(15.6) Necromancy
 + Level 13.0(15.6) Translocations
 + Level 13.0 Transmutations
 + Level 13.0 Fire Magic
 + Level 13.0 Ice Magic
 + Level 13.0 Air Magic
 + Level 13.0 Earth Magic
 + Level 13.0 Poison Magic
 + Level 16.6 Invocations
 + Level 15.5(19.3) Evocations


You had 5 spell levels left.
You knew the following spells:

 Your Spells              Type           Power      Damage    Failure   Level
a - Cause Fear            Hex            37%        N/A       1%          4
b - Poisonous Vapours     Pois/Air       100%       N/A       1%          2
c - Summon Ice Beast      Ice/Summ       91%        N/A       1%          4
d - Summon Mana Viper     Hex/Summ       74%        N/A       1%          5
e - Fulminant Prism       Conj/Hex       37%        3d18      1%          4
f - Freezing Cloud        Conj/Ice/Air   44%        6-21      1%          5
g - Statue Form           Tmut/Erth      45%        N/A       6%          6
h - Conjure Ball Lightni  Conj/Air       35%        3x3d11    3%          6
i - Manifold Assault      Tloc           74%        N/A       1%          5
j - Passwall              Tmut/Erth      56%        N/A       1%          2
k - Dispel Undead         Necr           74%        3d25      1%          4
l - Borgnjor's Revivific  Necr           37%        N/A       56%         8

Your spell library contained the following spells:

 Spells                   Type           Power      Damage    Failure   Level
 Beastly Appendage        Tmut           100%       N/A       1%          1
 Foxfire                  Conj/Fire      100%       2x1d9     1%          1
 Freeze                   Ice            100%       1d11      1%          1
 Magic Dart               Conj           100%       1d8       1%          1
 Sandblast                Erth           100%       2d20      1%          1
 Sting                    Tmut/Pois      100%       1d8       1%          1
 Summon Small Mammal      Summ           100%       N/A       1%          1
 Corpse Rot               Necr/Air       100%       N/A       1%          2
 Searing Ray              Conj           100%       2d8       1%          2
 Static Discharge         Conj/Air       71%        N/A       1%          2
 Wereblood                Tmut           68%        N/A       1%          2
 Call Canine Familiar     Summ           74%        N/A       1%          3
 Conjure Flame            Conj/Fire      71%        6-21      1%          3
 Frozen Ramparts          Ice            100%       1d12      1%          3
 Gell's Gravitas          Tloc           74%        N/A       1%          3
 Ignite Poison            Fire/Tmut/Pois 68%        N/A       1%          3
 Inner Flame              Hex/Fire       71%        N/A       1%          3
 Lesser Beckoning         Tloc           74%        N/A       1%          3
 Mephitic Cloud           Conj/Pois/Air  70%        N/A       1%          3
 Portal Projectile        Hex/Tloc       100%       N/A       1%          3
 Spider Form              Tmut/Pois      68%        N/A       1%          3
 Stone Arrow              Conj/Erth      100%       3d13      1%          3
 Summon Guardian Golem    Hex/Summ       74%        N/A       1%          3
 Teleport Other           Tloc           74%        N/A       1%          3
 Airstrike                Air            34%        N/A       1%          4
 Animate Armour           Summ/Erth      100%       N/A       1%          4
 Flame Wave               Conj/Fire      71%        2d13      1%          4
 Hailstorm                Conj/Ice       91%        3d18      1%          4
 Leda's Liquefaction      Hex/Erth       35%        N/A       1%          4
 Petrify                  Tmut/Erth      68%        N/A       1%          4
 Sticky Flame             Conj/Fire      71%        2d8       1%          4
 Summon Lightning Spire   Summ/Air       71%        N/A       1%          4
 Blade Hands              Tmut           34%        N/A       1%          5
 Excruciating Wounds      Necr           37%        N/A       1%          5
 Fireball                 Conj/Fire      35%        3d15      1%          5
 Irradiate                Conj/Tmut      35%        3d25      1%          5
 Iskenderun's Battlesphe  Conj           74%        2d12      1%          5
 Lee's Rapid Deconstruct  Erth           34%        3d18*     1%          5
 Metabolic Englaciation   Hex/Ice        45%        N/A       1%          5
 Iron Shot                Conj/Erth      35%        9d7       3%          6
 Eringya's Noxious Bog    Tmut/Pois      34%        N/A       6%          6
 Monstrous Menagerie      Summ           37%        N/A       11%         7
 Orb of Destruction       Conj           37%        9d11      11%         7
 Spellforged Servitor     Conj/Summ      37%        N/A       11%         7
 Dragon Form              Tmut           34%        N/A       26%         7
 Storm Form               Tmut/Air       34%        N/A       26%         7
 Discord                  Hex            37%        N/A       56%         8
 Summon Horrible Things   Summ           37%        N/A       56%         8
 Necromutation            Tmut/Necr      35%        N/A       73%         8
 Maxwell's Capacitive Co  Air            34%        ∞         88%         8
 Death's Door             Necr           37%        N/A       100%        9


Dungeon Overview and Level Annotations

Branches:
Dungeon (15/15)            Temple (0/1) D:4            Lair (6/6) D:11
  Swamp (4/4) Lair:4       Spider (4/4) Lair:3        Slime (5/5) Lair:5
    Orc (2/2) D:12            Elf (3/3) Orc:2        Vaults (0/5) D:13
 Depths (2/4) D:15        Gauntlet (visited)

Altars:
Ashenzari
Dithmenos
Gozag
Kikubaaqudgha
Makhleb
Nemelex Xobeh
Qazlal
Xom
Yredelemnul
Zin
The Shining One
Jiyva

Shops:
D:6 *   D:10 =   D:11 =   D:13 :   Orc:2 =(*[   Elf:1 :   Elf:2 [

Portals:
Hell: Depths:1 Depths:2
Abyss: D:8
Pandemonium: Depths:2


Innate Abilities, Weirdness & Mutations

You are a living statue of rough stone.
Your actions are slow, but your melee attacks are powerful.
You are resistant to unholy torment.
Your maximum health is greatly increased.
You are immune to poison.
Your equipment is partially melded.
You have very sharp teeth.
Your uncanny sense of smell can sniff out nearby items.
Your experience applies equally to all skills.
You are weak. (Str -2)
Your spells are a little harder to cast, but a little more powerful.


Message History

The Executioner barely misses you. You block the Executioner's attack.
The Executioner hits you but does no damage.
The Executioner misses you.
The Executioner hits you but does no damage.
You block the Executioner's attack.
The Executioner hits you but does no damage.
The Executioner completely misses you. x2
The +0 glaive of flaming hits you but does no damage.
The dread lich gestures wildly while chanting.
The dread lich seems to speed up.
The Executioner misses you. The Executioner hits you.
The Executioner closely misses you.
The +0 glaive of flaming hits you from afar.
As you read the scroll of holy word, it crumbles to dust.
You speak a Word of immense power!
The dread lich convulses!
The Executioner convulses!
You kill the Executioner!
The Executioner disappears in a puff of smoke!
The Ice Fiend convulses!
The dread lich casts a spell at you.
You suddenly lose the ability to move!
The Ice Fiend claws you but does no damage. x2
The +0 glaive of flaming hits you but does no damage.
The dread lich is lost in a daze.
The +0 glaive of flaming hits you but does no damage.
The dread lich is lost in a daze.
The Ice Fiend is lost in a daze.
The +0 glaive of flaming hits you from afar!!
* * * LOW HITPOINT WARNING * * *
The +0 glaive of flaming burns you.
* * * LOW HITPOINT WARNING * * *
The dread lich touches you!
* * * LOW HITPOINT WARNING * * *
The Ice Fiend claws you but does no damage.
The Ice Fiend claws you.
* * * LOW HITPOINT WARNING * * *
The Ice Fiend freezes you! You resist.
* * * LOW HITPOINT WARNING * * *
The dread lich touches you.
* * * LOW HITPOINT WARNING * * *
The +0 glaive of flaming hits you from afar!!
You die...

#########
####.$.####
####.#.####
#####.).####
######..1#######**
###.....8L.......,
####.#...#...#.#.# *
####.......(..... *
####.#.#...#.#.#.. *
#####.......#.....,
, ###
######.#.#.#.#[#...#
, ####
######.....(.#
....., , ,*
.##########...#####
# #. ,*****
..#####...........#
∆,, ,


You could see a dread lich (fast, dazed), an Ice Fiend (summoned, dazed) and a
+0 glaive of flaming.

Vanquished Creatures
  the Royal Jelly (Slime:5)
  A juggernaut (Depths:1)
  the Lernaean hydra (Swamp:4)
  3 hellephants (Depths:1)
  A walking crystal tome (Depths:1)
  Rupert (Lair:3)
  Mlioglotl (Swamp:4)
  2 deep elf blademasters (Elf:3)
  Gastronok (D:9)
  2 deep elf master archers (Elf:3)
  25 acid blobs
  2 sphinxes (Depths:2)
  Agnes (Spider:4)
  Kirke (D:15)
  8 azure jellies
  3 storm dragons (Depths:2)
  3 tengu reavers (Depths:2)
  A storm dragon (shapeshifter) (Depths:2)
  A thorn hunter (Swamp:2)
  4 fire giants
  The ghost of Dabor the Quickloader, an adept GnWn of the Shining One (Swamp:2)
  Donald (Elf:2)
  8 rockslimes
  Louise (Spider:1)
  A fenstrider witch (Swamp:3)
  An orc warlord (Orc:2)
  7 emperor scorpions
  3 iron dragons
  An iron dragon (shapeshifter) (Depths:2)
  4 frost giants (Depths:2)
  4 ghost moths
  4 deep elf sorcerers
  A draconian annihilator (Depths:2)
  7 deep elf elementalists
  7 broodmothers
  12 quicksilver oozes
  2 war gargoyles (Depths:2)
  The ghost of Dabor the Nimble, a journeyman GnWn of Jiyva (Lair:2)
  7 stone giants (Depths:1)
  Nessos (Lair:4)
  4 very ugly things
  5 eleionomae
  5 deep elf demonologists
  3 bunyips
  5 deep elf annihilators
  4 dire elephants
  A lorocyproca (Depths:2)
  3 entropy weavers
  7 spark wasps
  A minotaur (Gauntlet)
  2 crystal guardians (Depths:2)
  5 ettins
  4 fire dragons
  4 deep elf death magi
  A shambling mangrove (Swamp:2)
  2 deep elf high priests (Elf:3)
  8 great orbs of eyes
  5 vault guards (D:13)
  24 hydras
  The ghost of skelma the Fighter, a novice OgCA of Ignis (D:8)
  2 ogre magi (D:13)
  3 centaur warriors
  A juggernaut simulacrum (Depths:2)
  3 rakshasas
  A radroach (Spider:1)
  A ghost crab (Swamp:2)
  11 boulder beetles
  2 spriggan air magi
  3 ice dragons
  6 alligators
  3 jorogumos
  34 dancing weapons
  9 two-headed ogres
  A death knight (D:13)
  4 catoblepae
  2 tengu warriors
  7 hell hogs (Depths:1)
  A death scarab (Spider:3)
  2 deep troll shamans (Depths:1)
  A soul eater (D:8)
  8 deep troll earth magi
  4 orc high priests (Orc:2)
  15 death yaks
  A spriggan berserker (Depths:1)
  14 deep elf knights
  2 skeletal warriors
  A wretched star (Gauntlet)
  2 sun moths (Spider:4)
  4 pharaoh ants
  6 iron trolls (Depths:1)
  5 spriggan druids
  The ghost of ouz the Covert, a novice OpBr of Gozag (D:7)
  2 quicksilver dragon simulacra (Depths:2)
  4 goliath frogs
  7 steelbarb worms
  13 orb spiders
  12 swamp dragons
  A bog body (Swamp:2)
  11 deep trolls (Depths:1)
  3 glowing orange brains
  A wizard (D:15)
  2 lindwurms (Lair:6)
  2 orc knights (Orc:2)
  8 deep elf archers
  19 deep elf pyromancers
  Pikel (D:6)
  29 deep elf zephyrmancers
  2 phantasmal warriors (D:13)
  2 nameless horrors
  8 orc sorcerers
  4 cyclopes
  8 shining eyes
  3 moths of wrath
  18 wolf spiders
  7 manticores
  5 will-o-the-wisps
  14 elephants
  24 ugly things
  A salamander (D:15)
  8 black mambas
  6 torpor snails
  Joseph (D:9)
  3 gargoyles
  A guardian serpent (shapeshifter) (D:12)
  11 cane toads
  A water nymph (shapeshifter) (Depths:2)
  4 eyes of devastation
  An eye of devastation (shapeshifter) (Depths:2)
  3 kobold demonologists
  2 rime drakes
  An unseen horror (D:13)
  4 tengu conjurers
  A komodo dragon (shapeshifter) (Elf:1)
  13 komodo dragons
  Maggie (D:6)
  An efreet (Gauntlet)
  A freezing wraith (D:13)
  A red devil (D:8)
  10 polar bears
  3 bloated husks
  15 demonic crawlers
  A meliai (D:13)
  4 tyrant leeches
  95 slime creatures
  Grinder (D:3)
  8 trolls
  14 hornets
  31 tarantellas
  22 blink frogs
  A large abomination (Abyss:4)
  3 dream sheep (Lair:6)
  6 raiju
  22 culicivoras
  20 jumping spiders
  A shadow (D:11)
  3 air elementals
  15 spriggans
  A centaur simulacrum (D:10)
  5 wyverns
  3 water elementals (Elf:1)
  2 vampires
  28 yaks
  4 wraiths
  3 humans
  2 steam dragons (D:9)
  7 basilisks
  5 hogs (D:15)
  3 fire elementals
  6 golden eyes (Slime:1)
  5 vampire mosquitoes
  49 redbacks
  4 wargs (Lair:6)
  16 swamp worms
  16 water moccasins
  2 floating eyes
  A floating eye (shapeshifter) (Depths:2)
  14 hell hounds
  20 orc warriors
  An ice beast (D:6)
  2 sky beasts (D:6)
  6 swamp drakes (Swamp:4)
  16 black bears
  4 ogres
  29 wolves
  A boggart (D:13)
  3 centaurs
  4 phantoms
  4 lemures (D:6)
  10 kobold brigands
  A necrophage (D:6)
  3 scorpions
  12 bullfrogs
  4 gnoll sergeants
  9 earth elementals
  6 small abominations
  5 wights (D:6)
  10 killer bees
  6 howler monkeys
  3 electric eels (Lair:4)
  A lava snake (Lair:1)
  5 jellies
  3 hounds
  Crazy Yiuf (D:5)
  20 orc priests
  A gnoll shaman (D:5)
  3 iguanas
  Natasha (thrice) (D:3)
  27 orc wizards
  Robin (D:3)
  3 gnolls (Orc:2)
  6 adders
  2 shadow imps
  2 ufetubi
  2 dart slugs
  60 orcs
  A bat zombie (D:3)
  3 endoplasms
  4 giant cockroaches
  16 goblins
  7 hobgoblins
  4 jackals (D:2)
  5 quokkas
  7 ball pythons
  5 bats
  2 frilled lizards (D:1)
  27 kobolds
  7 rats
  2 rat zombies (D:3)
  A spectral orc (D:9)
  A briar patch (Swamp:2)
1508 creatures vanquished.

Vanquished Creatures (collateral kills)
  Roxanne (D:15)
  An azure jelly (Slime:5)
  2 hydras
  A centaur warrior (D:10)
  Sonja (Orc:1)
  2 skeletal warriors (D:12)
  An orc knight (Orc:2)
  3 orc sorcerers
  An elephant (Lair:4)
  A cane toad (Lair:2)
  A troll (D:10)
  A blink frog (Lair:2)
  A dream sheep (Lair:2)
  A yak (Lair:2)
  2 wargs (Orc:2)
  A swamp drake (Swamp:4)
  14 orc warriors
  3 ogres
  A bullfrog (D:8)
  A kobold brigand (D:12)
  2 killer bees (D:9)
  8 orc priests
  4 orc wizards
  14 orcs
68 creatures vanquished.

Vanquished Creatures (others)
  A rockslime (Slime:5)
  A fire giant (Depths:2)
  A vampire knight (Depths:1)
  A two-headed ogre (D:6)
  A hornet (Swamp:4)
  A culicivora (Spider:4)
  A wyvern (Lair:4)
  A neqoxec (Gauntlet)
  A black bear (D:11)
  26 ball lightnings
  12 foxfires
  64 fulminant prisms
  38 fungi
  95 plants
244 creatures vanquished.

Grand Total: 1820 creatures vanquished

Notes
Turn   | Place    | Note
-------+----------+-------------------------------------------
     0 | D:1      | Dabor the Gnoll Wanderer began the quest for the Orb.
     0 | D:1      | Dabor set off with the following items: a +0 rapier, a +0
                  | falchion, a +0 helmet, a potion of lignification, a +0
                  | leather armour
     0 | D:1      | Reached XP level 1. HP: 17/17 MP: 1/1
     1 | D:1      | Found a faded altar of an unknown god.
    24 | D:1      | Prayed at the altar of an unknown god.
    24 | D:1      | Became a worshipper of Ashenzari the Shackled
   146 | D:1      | Reached XP level 2. HP: 23/23 MP: 2/2
   566 | D:1      | Reached XP level 3. HP: 25/28 MP: 3/3
   751 | D:1      | Reached * piety under Ashenzari
   881 | D:2      | Reached skill level 1 in Invocations
  1507 | D:3      | Noticed Robin
  1511 | D:3      | Noticed Natasha
  1516 | D:3      | Reached skill level 1 in Axes
  1516 | D:3      | Reached skill level 1 in Maces & Flails
  1516 | D:3      | Reached skill level 1 in Polearms
  1516 | D:3      | Reached skill level 1 in Staves
  1516 | D:3      | Reached skill level 1 in Slings
  1516 | D:3      | Reached skill level 1 in Bows
  1516 | D:3      | Reached skill level 1 in Crossbows
  1516 | D:3      | Reached skill level 1 in Throwing
  1516 | D:3      | Reached skill level 1 in Stealth
  1516 | D:3      | Reached skill level 1 in Shields
  1516 | D:3      | Reached skill level 1 in Unarmed Combat
  1516 | D:3      | Reached skill level 1 in Spellcasting
  1536 | D:3      | Killed Natasha
  1537 | D:3      | Reached XP level 4. HP: 17/35 MP: 6/6
  1548 | D:3      | Killed Robin
  1549 | D:3      | Reached skill level 1 in Conjurations
  1549 | D:3      | Reached skill level 1 in Hexes
  1549 | D:3      | Reached skill level 1 in Summonings
  1549 | D:3      | Reached skill level 1 in Necromancy
  1549 | D:3      | Reached skill level 1 in Translocations
  1549 | D:3      | Reached skill level 1 in Transmutations
  1549 | D:3      | Reached skill level 1 in Fire Magic
  1549 | D:3      | Reached skill level 1 in Ice Magic
  1549 | D:3      | Reached skill level 1 in Air Magic
  1549 | D:3      | Reached skill level 1 in Earth Magic
  1549 | D:3      | Reached skill level 1 in Poison Magic
  1910 | D:3      | Noticed Grinder
  1942 | D:3      | Paralysed by Grinder for 4 turns
  1952 | D:3      | Killed Grinder
  1953 | D:3      | Reached skill level 5 in Long Blades
  1953 | D:3      | Reached skill level 5 in Dodging
  1953 | D:3      | Reached XP level 5. HP: 26/42 MP: 6/8
  1953 | D:3      | Reached XP level 6. HP: 30/48 MP: 6/9
  2136 | D:3      | Reached ** piety under Ashenzari
  2406 | D:3      | Found an ancient bone altar of Kikubaaqudgha.
  2431 | D:3      | Noticed Natasha
  2440 | D:3      | Killed Natasha
  2441 | D:3      | Reached XP level 7. HP: 47/55 MP: 11/11
  2615 | D:3      | Noticed Natasha
  2628 | D:3      | Killed Natasha
  2726 | D:4      | Found a staircase to the Ecumenical Temple.
  2894 | D:4      | Found a shadowy altar of Dithmenos.
  2911 | D:4      | Found a sparkling altar of Nemelex Xobeh.
  2964 | D:4      | Found a shimmering altar of Xom.
  3166 | D:4      | Noticed a wyvern
  3173 | D:4      | Killed a wyvern
  3182 | D:4      | Learned a level 4 spell: Cause Fear
  3306 | D:5      | Entered Level 5 of the Dungeon
  3309 | D:5      | Reached XP level 8. HP: 46/64 MP: 14/14
  4426 | D:5      | Found a runed translucent door.
  4427 | D:5      | Noticed Crazy Yiuf
  4434 | D:5      | Killed Crazy Yiuf
  4442 | D:5      | Reached *** piety under Ashenzari
  4592 | D:6      | Noticed Maggie
  4595 | D:6      | Killed Maggie
  4596 | D:6      | Reached XP level 9. HP: 72/72 MP: 16/18
  4694 | D:6      | Noticed Pikel
  4715 | D:6      | Killed Pikel
  4716 | D:6      | Reached skill level 5 in Fighting
  4716 | D:6      | Reached skill level 5 in Armour
  4716 | D:6      | Reached skill level 5 in Evocations
  5320 | D:6      | Found a large runed translucent door.
  5321 | D:6      | Found a large runed translucent door.
  5326 | D:6      | Reached skill level 5 in Invocations
  5584 | D:6      | Found a large runed translucent door.
  5584 | D:6      | Found a large runed translucent door.
  5593 | D:6      | Noticed a seven-headed hydra
  5593 | D:6      | Noticed a two-headed ogre
  5610 | D:6      | Identified the +6 hand crossbow of Liotodd {vorpal, Will+
                  | Str+4 Dex+2}
  5797 | D:6      | Killed a 12-headed hydra
  5798 | D:6      | Reached skill level 5 in Axes
  5798 | D:6      | Reached skill level 5 in Maces & Flails
  5798 | D:6      | Reached skill level 5 in Polearms
  5798 | D:6      | Reached skill level 5 in Staves
  5798 | D:6      | Reached skill level 5 in Slings
  5798 | D:6      | Reached skill level 5 in Bows
  5798 | D:6      | Reached skill level 5 in Crossbows
  5798 | D:6      | Reached skill level 5 in Throwing
  5798 | D:6      | Reached skill level 5 in Stealth
  5798 | D:6      | Reached skill level 5 in Shields
  5798 | D:6      | Reached skill level 5 in Unarmed Combat
  5798 | D:6      | Reached skill level 5 in Spellcasting
  5798 | D:6      | Reached XP level 10. HP: 29/80 MP: 19/21
  6047 | D:6      | Noticed a gargoyle
  6061 | D:6      | Killed a gargoyle
  6598 | D:6      | Learned a level 2 spell: Poisonous Vapours
  6619 | D:6      | Found Laolooch's General Store.
  6932 | D:7      | Reached **** piety under Ashenzari
  7058 | D:7      | Found a runed translucent door.
  7058 | D:7      | Noticed a deep elf pyromancer
  7080 | D:7      | Noticed ouz's ghost (novice OpBr)
  7170 | D:7      | Learned a level 4 spell: Summon Ice Beast
  7204 | D:7      | Found a burning altar of Makhleb.
  7205 | D:7      | Noticed a green death
  7208 | D:7      | Noticed an orange demon
  7513 | D:7      | Noticed a two-headed ogre
  7520 | D:7      | Killed a two-headed ogre
  7657 | D:7      | Found a glowing silver altar of Zin.
  7657 | D:7      | Found an opulent altar of Gozag.
  7877 | D:8      | Found a transporter.
  7881 | D:8      | Found a transporter.
  8068 | D:8      | Noticed a soul eater
  8073 | D:8      | Found a one-way gate to the infinite horrors of the Abyss.
  8073 | D:8      | Noticed skelma's ghost (novice OgCA)
  8468 | D:9      | Noticed a kobold demonologist
  8478 | D:9      | Reached XP level 11. HP: 90/90 MP: 20/24
  8553 | D:9      | Found a stormy altar of Qazlal.
  8630 | D:9      | Noticed a two-headed ogre
  8645 | D:9      | Killed a two-headed ogre
  8646 | D:9      | Reached skill level 5 in Conjurations
  8646 | D:9      | Reached skill level 5 in Hexes
  8646 | D:9      | Reached skill level 5 in Summonings
  8646 | D:9      | Reached skill level 5 in Necromancy
  8646 | D:9      | Reached skill level 5 in Translocations
  8646 | D:9      | Reached skill level 5 in Transmutations
  8646 | D:9      | Reached skill level 5 in Fire Magic
  8646 | D:9      | Reached skill level 5 in Ice Magic
  8646 | D:9      | Reached skill level 5 in Air Magic
  8646 | D:9      | Reached skill level 5 in Earth Magic
  8646 | D:9      | Reached skill level 5 in Poison Magic
  8746 | D:9      | Noticed Joseph
  8758 | D:9      | Killed Joseph
  8859 | D:9      | Noticed Gastronok
  8913 | D:9      | Killed Gastronok
  9238 | D:9      | Found a basalt altar of Yredelemnul.
  9259 | D:9      | Noticed a deep elf pyromancer
  9279 | D:9      | Killed a deep elf pyromancer
  9536 | D:10     | Entered Level 10 of the Dungeon
  9550 | D:10     | Found Olaefun's Jewellery Shop.
  9597 | D:10     | Noticed a red ugly thing
  9659 | D:9      | Killed a red ugly thing
  9802 | D:10     | Found a glowing golden altar of the Shining One.
 10268 | D:10     | Learned a level 5 spell: Summon Mana Viper
 10307 | D:10     | Noticed a two-headed ogre
 10312 | D:10     | Noticed a centaur warrior
 10319 | D:10     | Killed a centaur warrior
 10320 | D:10     | Reached XP level 12. HP: 100/100 MP: 26/26
 10333 | D:10     | Killed a two-headed ogre
 10793 | D:11     | Noticed a boulder beetle
 10793 | D:11     | Noticed a two-headed ogre
 10793 | D:11     | Found Iwiom's Jewellery Boutique.
 11120 | D:11     | Found a staircase to the Lair.
 11122 | D:11     | Noticed a death yak
 11151 | D:11     | Killed a death yak
 11343 | D:11     | Killed a two-headed ogre
 11486 | D:11     | Killed a boulder beetle
 12125 | D:12     | Found a staircase to the Orcish Mines.
 12125 | D:12     | Noticed a two-headed ogre
 12126 | D:12     | Killed a two-headed ogre
 12127 | D:12     | Reached skill level 10 in Short Blades
 12204 | D:12     | Noticed a four-headed hydra
 12213 | D:12     | Killed a six-headed hydra
 12312 | D:12     | Noticed a boulder beetle
 12327 | D:12     | Killed a boulder beetle
 12744 | D:12     | Reached XP level 13. HP: 108/108 MP: 28/28
 12787 | D:12     | Reached ***** piety under Ashenzari
 12835 | D:12     | Noticed a rakshasa
 12868 | D:12     | Killed a rakshasa
 13131 | Orc:1    | Entered Level 1 of the Orcish Mines
 13141 | Orc:1    | Paralysed by an orc sorcerer for 2 turns
 13162 | Orc:1    | Paralysed by an orc sorcerer for 2 turns
 13248 | Orc:1    | Noticed Sonja
 13256 | Orc:1    | Killed Sonja
 13475 | Orc:2    | Entered Level 2 of the Orcish Mines
 13603 | Orc:1    | Paralysed by an orc sorcerer for 2 turns
 13754 | Orc:2    | Found a staircase to the Elven Halls.
 14385 | Orc:2    | Paralysed by an orc sorcerer for 3 turns
 14894 | Orc:2    | Learned a level 4 spell: Fulminant Prism
 15093 | Orc:2    | Reached skill level 10 in Long Blades
 15093 | Orc:2    | Reached skill level 10 in Dodging
 15256 | Orc:2    | Reached XP level 14. HP: 121/121 MP: 32/32
 15461 | Orc:2    | Noticed an orc warlord
 15504 | Orc:2    | Killed an orc warlord
 15795 | Orc:2    | Found Ibolulah's Antique Armour Shop.
 15796 | Orc:2    | Found Buegaw's General Store.
 15796 | Orc:2    | Found Rimudaill's Antique Weapon Shop.
 15797 | Orc:2    | Found Ihihaoco's Jewellery Boutique.
 15812 | Orc:2    | Bought a transparent dagger for 182 gold pieces
 15812 | Orc:2    | Identified the +5 dagger of the Conjuring Ancients {venom,
                  | Int+9} (You bought it in a shop on level 2 of the Orcish
                  | Mines)
 15823 | Orc:2    | Bought the ring "Gefoyts" {rF+ rN+ rCorr Dex+5 Slay+2} for
                  | 799 gold pieces
 15832 | Orc:2    | Bought a warped ring mail for 333 gold pieces
 15832 | Orc:2    | Identified the +4 ring mail of Responsibility {Will+ rCorr
                  | Stlth+} (You bought it in a shop on level 2 of the Orcish
                  | Mines)
 16125 | Lair:1   | Entered Level 1 of the Lair of Beasts
 16473 | Lair:1   | Learned a level 2 spell: Passwall
 16478 | Lair:1   | Learned a level 4 spell: Dispel Undead
 16639 | Lair:1   | Learned a level 6 spell: Conjure Ball Lightning
 17250 | Lair:2   | Reached skill level 10 in Invocations
 17319 | Lair:2   | Found a gate leading to a gauntlet.
 17327 | Gauntlet | Entered a Gauntlet
 17327 | Gauntlet | Found a transporter.
 17327 | Gauntlet | Found a transporter.
 17328 | Gauntlet | Found a transporter.
 17398 | Gauntlet | Found a transporter.
 17399 | Gauntlet | Found a transporter.
 17408 | Gauntlet | Found a transporter.
 17408 | Gauntlet | Identified the ring of Vengyny {rElec Str+2 Int+3 Dex+6}
 17412 | Gauntlet | Found a transporter.
 17422 | Gauntlet | Found a transporter.
 17422 | Gauntlet | Identified the ring "Zetead" {Ice Str+4 Stlth+}
 17509 | Gauntlet | Identified the +0 cloak of the Distant Future {Int+6}
 17513 | Gauntlet | Found a transporter.
 17523 | Gauntlet | Found a transporter.
 17523 | Gauntlet | Identified the amulet "Haemud" {Faith Str+3}
 17523 | Gauntlet | Identified the +0 cloak of Purpose {rPois rF+ Str+3 Int+2}
 17527 | Gauntlet | Found a transporter.
 17537 | Gauntlet | Found a transporter.
 18044 | Gauntlet | Identified the +6 fustibalus of Itod {freeze, rN+}
 18110 | Lair:2   | Gained mutation: Your spells are a little harder to cast,
                  | but a little more powerful. [potion of mutation]
 18110 | Lair:2   | Gained mutation: Armour fits poorly on your strangely
                  | shaped body. [potion of mutation]
 18110 | Lair:2   | Gained mutation: You are strong-willed. (Will+) [potion of
                  | mutation]
 18110 | Lair:2   | Gained mutation: You are partially covered in iridescent
                  | scales. (AC +2) [potion of mutation]
 18273 | Lair:2   | Noticed Dabor's ghost (journeyman GnWn)
 18276 | Lair:2   | Found a runed translucent gate.
 18276 | Lair:2   | Found a runed translucent gate.
 18276 | Lair:2   | Found a runed translucent gate.
 18279 | Lair:2   | Identified a scroll of acquirement
 18358 | Lair:2   | Killed Dabor's ghost
 18378 | Lair:2   | Acquired Jeang's Handbook of Supportive Displacement
 18386 | Lair:2   | Learned a level 5 spell: Manifold Assault
 18971 | Lair:3   | Found a hole to the Spider Nest.
 19171 | Lair:3   | Noticed Rupert
 19176 | Lair:3   | Killed Rupert
 19469 | Lair:3   | Reached skill level 10 in Fighting
 19469 | Lair:3   | Reached skill level 10 in Armour
 19469 | Lair:3   | Reached skill level 10 in Evocations
 19876 | Lair:4   | Noticed Nessos
 20206 | Lair:4   | Killed Nessos
 20968 | Lair:4   | Reached XP level 15. HP: 125/125 MP: 18/32
 21172 | Lair:4   | Found the +5 robe of Misfortune {Harm *Corrode *Slow EV+5}
 21604 | Lair:4   | Found a staircase to the Swamp.
 22313 | Lair:5   | Found a staircase to the Slime Pits.
 22597 | Lair:5   | Learned a level 5 spell: Freezing Cloud
 23060 | Lair:6   | Entered Level 6 of the Lair of Beasts
 23229 | Lair:5   | Reached skill level 10 in Axes
 23229 | Lair:5   | Reached skill level 10 in Maces & Flails
 23229 | Lair:5   | Reached skill level 10 in Polearms
 23229 | Lair:5   | Reached skill level 10 in Staves
 23229 | Lair:5   | Reached skill level 10 in Slings
 23229 | Lair:5   | Reached skill level 10 in Bows
 23229 | Lair:5   | Reached skill level 10 in Crossbows
 23229 | Lair:5   | Reached skill level 10 in Throwing
 23229 | Lair:5   | Reached skill level 10 in Stealth
 23229 | Lair:5   | Reached skill level 10 in Shields
 23229 | Lair:5   | Reached skill level 10 in Unarmed Combat
 23229 | Lair:5   | Reached skill level 10 in Spellcasting
 24615 | Lair:6   | Identified the +1 hunting sling of Loma {flame, rN+++
                  | Dex-4}
 25257 | Lair:6   | Found a stormy altar of Qazlal.
 25474 | Lair:6   | Reached XP level 16. HP: 134/134 MP: 12/34
 26336 | D:13     | Found Zypn's Book Emporium.
 27705 | D:13     | Found a gate to the Vaults.
 28368 | D:13     | Identified the Catalogue of Shifting Malediction
 29377 | D:15     | Entered Level 15 of the Dungeon
 29383 | D:15     | Noticed Roxanne
 29404 | D:15     | Killed Roxanne
 29776 | D:15     | Found a staircase to the Depths.
 30620 | D:15     | Noticed Kirke
 30650 | D:15     | Killed Kirke
 31094 | Swamp:1  | Entered Level 1 of the Swamp
 31100 | Swamp:1  | Reached XP level 17. HP: 144/144 MP: 21/36
 31875 | Swamp:1  | Identified the +9 quarterstaff "Mexkes Quni" {vorpal, Str+3
                  | Int+2}
 33422 | Swamp:2  | Identified the Almanac of Ashen Lightness
 33456 | Swamp:2  | Found a runed translucent gate.
 33456 | Swamp:2  | Found a runed translucent gate.
 33456 | Swamp:2  | Found a runed translucent gate.
 33460 | Swamp:2  | Noticed Dabor's ghost (adept GnWn)
 33646 | Swamp:2  | Killed Dabor's ghost
 34334 | Swamp:3  | Reached skill level 10 in Conjurations
 34334 | Swamp:3  | Reached skill level 10 in Hexes
 34334 | Swamp:3  | Reached skill level 10 in Summonings
 34334 | Swamp:3  | Reached skill level 10 in Necromancy
 34334 | Swamp:3  | Reached skill level 10 in Translocations
 34334 | Swamp:3  | Reached skill level 10 in Transmutations
 34334 | Swamp:3  | Reached skill level 10 in Fire Magic
 34334 | Swamp:3  | Reached skill level 10 in Ice Magic
 34334 | Swamp:3  | Reached skill level 10 in Air Magic
 34334 | Swamp:3  | Reached skill level 10 in Earth Magic
 34334 | Swamp:3  | Reached skill level 10 in Poison Magic
 34922 | Swamp:4  | Entered Level 4 of the Swamp
 34978 | Swamp:4  | Noticed Mlioglotl
 34994 | Swamp:4  | Killed Mlioglotl
 35132 | Swamp:4  | Noticed the 27-headed Lernaean hydra
 36345 | Swamp:4  | Reached XP level 18. HP: 153/153 MP: 27/38
 36528 | Swamp:4  | Got a decaying rune of Zot
 36564 | Swamp:4  | Killed the 27-headed Lernaean hydra
 36901 | Elf:1    | Entered Level 1 of the Elven Halls
 37168 | Elf:1    | Found Nacacw's One-of-a-Kind Books.
 39215 | Elf:2    | Found Covop's Antique Armour Emporium.
 39264 | Elf:2    | Bought a slimy leather armour for 189 gold pieces
 39264 | Elf:2    | Identified the +0 leather armour of the Sparrow {SInv} (You
                  | bought it in a shop on level 2 of the Elven Halls)
 39375 | Elf:2    | Identified the +1 hand axe "Xevvostre" {speed, rC++ Will+}
 39693 | Elf:2    | Paralysed by an air elemental for 1 turns
 40130 | Elf:2    | Found a runed translucent gate.
 40131 | Elf:2    | Found a runed translucent gate.
 40131 | Elf:2    | Found a runed translucent gate.
 41547 | Elf:2    | Noticed Donald
 41561 | Elf:2    | Killed Donald
 42274 | Elf:2    | Reached ****** piety under Ashenzari
 42322 | Elf:2    | Learned a level 6 spell: Statue Form
 42486 | Elf:3    | Entered Level 3 of the Elven Halls
 42541 | Elf:3    | Reached XP level 19. HP: 163/163 MP: 24/40
 42581 | Elf:3    | Identified the cursed +2 pair of gloves of the Unyielding
                  | Gaze {Fort, Melee} (You found it on level 3 of the Lair of
                  | Beasts)
 42581 | Elf:3    | Identified the cursed +2 pair of boots of Ashenzari's
                  | Urgency {Evo, Self} (You found it on level 11 of the
                  | Dungeon)
 43213 | Elf:3    | Identified the ring of the Robin {rF+ AC+4 Str+6 Stlth-}
 43250 | Elf:3    | Identified the +8 longbow of Havoc {freeze, +Blink Will-
                  | rCorr Dex+6}
 43792 | Elf:3    | Noticed a Brimstone Fiend
 44105 | Elf:3    | Cast into level 4 of the Abyss (deep elf elementalist)
 44109 | Abyss:4  | Found a corrupted altar of Lugonu.
 44164 | Elf:3    | Escaped the Abyss
 44397 | Elf:3    | Found Wypnu Xur's Jewellery Shop.
 44858 | Spider:1 | Entered Level 1 of the Spider Nest
 45812 | Spider:1 | Noticed Louise
 45826 | Spider:1 | Killed Louise
 45965 | Spider:1 | Identified the +1 robe of Lust {SInv}
 47911 | Spider:3 | Reached XP level 20. HP: 53/172 MP: 11/42
 48863 | Spider:4 | Entered Level 4 of the Spider Nest
 49180 | Spider:4 | Reached skill level 15 in Short Blades
 49444 | Spider:4 | Noticed Agnes
 49452 | Spider:4 | Killed Agnes
 49772 | Spider:4 | Reached skill level 15 in Invocations
 50057 | Spider:4 | Identified the +1 pair of boots of Hyhaol {Harm rF- SInv}
 50152 | Spider:4 | Got a gossamer rune of Zot
 50172 | Spider:4 | Reached XP level 21. HP: 180/180 MP: 42/44
 50657 | Slime:1  | Entered Level 1 of the Pits of Slime
 50840 | Slime:1  | Gained mutation: You are weak. (Str -2) [a shining eye]
 50925 | Slime:1  | Gained mutation: You occasionally shout uncontrollably at
                  | your foes. [a shining eye]
 51785 | Slime:2  | Found a viscous altar of Jiyva.
 51849 | Slime:3  | Gained mutation: Potions are less effective at restoring
                  | your health. [a shining eye]
 52056 | Slime:4  | Paralysed by a floating eye for 4 turns
 52064 | Slime:4  | Reached XP level 22. HP: 185/185 MP: 1/44
 52621 | Slime:4  | Reached skill level 15 in Long Blades
 52621 | Slime:4  | Reached skill level 15 in Dodging
 52676 | Slime:4  | Gained mutation: You are clumsy. (Dex -2) [a shining eye]
 52677 | Slime:4  | Gained mutation: Your body sometimes deteriorates upon
                  | taking damage. [a shining eye]
 53086 | Slime:5  | Entered Level 5 of the Pits of Slime
 53326 | Slime:5  | Learned a level 8 spell: Borgnjor's Revivification
 53345 | Slime:5  | Noticed the Royal Jelly
 53918 | Slime:5  | Killed the Royal Jelly
 54717 | Slime:5  | Gained mutation: You are very weak. (Str -4) [a shining
                  | eye]
 54810 | Slime:5  | Identified the +4 long sword of Grandeur {freeze, Dex+4
                  | SInv}
 54819 | Slime:5  | Got a slimy rune of Zot
 54834 | Slime:5  | Identified a ring "Ywoghasch" {*Corrode rF+ MP-9 Str+9
                  | Dex+8}
 55409 | Orc:2    | Lost mutation: Your body sometimes deteriorates upon taking
                  | damage. [potion of mutation]
 55409 | Orc:2    | Lost mutation: You are partially covered in iridescent
                  | scales. (AC +2) [potion of mutation]
 55409 | Orc:2    | Lost mutation: Armour fits poorly on your strangely shaped
                  | body. [potion of mutation]
 55409 | Orc:2    | Lost mutation: You are strong-willed. (Will+) [potion of
                  | mutation]
 55409 | Orc:2    | Lost mutation: Your spells are a little harder to cast, but
                  | a little more powerful. [potion of mutation]
 55409 | Orc:2    | Gained mutation: Your spells are a little harder to cast,
                  | but a little more powerful. [potion of mutation]
 55410 | Orc:2    | Lost mutation: You occasionally shout uncontrollably at
                  | your foes. [potion of mutation]
 55410 | Orc:2    | Lost mutation: Potions are less effective at restoring your
                  | health. [potion of mutation]
 55410 | Orc:2    | Lost mutation: Your spells are a little harder to cast, but
                  | a little more powerful. [potion of mutation]
 55410 | Orc:2    | Gained mutation: You have a pair of small horns on your
                  | head. [potion of mutation]
 55411 | Orc:2    | Lost mutation: You have a pair of small horns on your head.
                  | [potion of mutation]
 55411 | Orc:2    | Lost mutation: You are clumsy. (Dex -2) [potion of
                  | mutation]
 55411 | Orc:2    | Lost mutation: You are very weak. (Str -4) [potion of
                  | mutation]
 55411 | Orc:2    | Gained mutation: Your spells are a little harder to cast,
                  | but a little more powerful. [potion of mutation]
 55839 | D:7      | Killed ouz's ghost
 55939 | D:8      | Killed skelma's ghost
 56225 | Depths:1 | Entered Level 1 of the Depths
 56570 | Orc:2    | Bought bronze fire dragon scales for 2405 gold pieces
 56570 | Orc:2    | Identified the +0 fire dragon scales of Eroupop {Harm
                  | *Corrode rF++ rC- Str+6 Stlth+} (You bought it in a shop on
                  | level 2 of the Orcish Mines)
 56570 | Orc:2    | Bought a smelly chain mail for 351 gold pieces
 56570 | Orc:2    | Identified the +4 chain mail of Inevitability {rF+ Will+}
                  | (You bought it in a shop on level 2 of the Orcish Mines)
 56842 | Depths:1 | Found a gateway to Hell.
 56979 | Depths:1 | Reached skill level 15 in Fighting
 56979 | Depths:1 | Reached skill level 15 in Armour
 56979 | Depths:1 | Reached skill level 15 in Evocations
 57115 | Depths:1 | Noticed a juggernaut
 57146 | Depths:1 | Killed a juggernaut
 57147 | Depths:1 | Identified the +7 spear of Defilement {vorpal, rPois rCorr
                  | Dex+3}
 57503 | Depths:1 | Reached XP level 23. HP: 194/194 MP: 28/45
 57568 | Depths:1 | Reached skill level 15 in Axes
 57568 | Depths:1 | Reached skill level 15 in Maces & Flails
 57568 | Depths:1 | Reached skill level 15 in Polearms
 57568 | Depths:1 | Reached skill level 15 in Staves
 57568 | Depths:1 | Reached skill level 15 in Slings
 57568 | Depths:1 | Reached skill level 15 in Bows
 57568 | Depths:1 | Reached skill level 15 in Crossbows
 57568 | Depths:1 | Reached skill level 15 in Throwing
 57568 | Depths:1 | Reached skill level 15 in Stealth
 57568 | Depths:1 | Reached skill level 15 in Shields
 57568 | Depths:1 | Reached skill level 15 in Unarmed Combat
 57568 | Depths:1 | Reached skill level 15 in Spellcasting
 58325 | Depths:2 | Found a one-way gate leading to the halls of Pandemonium.
 58756 | Depths:2 | Identified the +1 ring mail of Odoahyta {Rampage Dex+5}
 59272 | Depths:2 | Noticed a dread lich
 59287 | Depths:2 | Paralysed by a dread lich for 7 turns
 59289 | Depths:2 | Slain by a +0 glaive of flaming

Illustrated notes

Levels and vault maps discovered:
D:1:      lightli_arrival_chessboard, layout_rooms,
          ebering_ecumenical_altar_petrified, minmay_tromino_v7
D:2:      layout_rooms, serial_corexii_hall, corexii_hall_statues_s,
          corexii_hall_statues_i
D:3:      layout_loops_ring, lemuel_zombie_altar_kikubaaqudgha, uniq_grinder,
          uniq_robin, uniq_natasha
D:4:      layout_gridville, xom_teletrap_fun, mainiacjoe_overflow_paths,
          lemuel_crystal_altar, minmay_temple_entry_proselytizer
D:5:      layout_basic, st_stairs_1, uniq_crazy_yiuf_cottage
D:6:      layout_basic, serial_shops, shop, minmay_stone_trees_medium,
          minmay_hollow_rounded_squares, uniq_maggie, uniq_pikel
D:7:      layout_loops_ring, grunt_temple_overflow_gold_and_silver,
          makhleb_altar_promises_db, ebering_ghost_inner_flame
D:8:      layout_basic, gammafunk_ghost_abyssal_escape
D:9:      layout_gridville, mainiacjoe_overflow_cross_hatched,
          yredelemnul_forgotten_temple_becter, uniq_joseph, uniq_gastronok
D:10:     layout_cave_pools, mainiacjoe_overflow_boulevard, serial_shops,
          kennysheep_mini_moat, minmay_shattered_shrine
D:11:     layout_cave_pods, david_lair_generic, serial_shops, shop,
          kennysheep_decorative_pillar
D:12:     minmay_cornered_nines, layout_rooms,
          kennysheep_orc_monster_closet_entryway
D:13:     cheibrodos_hippocracy, layout_basic, grunt_vaults_entry_fortified,
          serial_shops, nicolae_diamond_shop
D:14:     layout_roguey, minivault_14
D:15:     hangedman_depths_entry_try_elsewhere_first, layout_irregular_city,
          minivault_27, uniq_roxanne, uniq_kirke
Lair:1:   layout_cave_pods, amcnicky_mini_pool_medium
Lair:2:   layout_misc_corridors, gammafunk_ghost_split, gauntlet_entry_generic
Lair:3:   layout_chaotic_city, spider_nest_entry_a, grunt_megastairs_3,
          uniq_rupert
Lair:4:   layout_small_grid, swamp_mist, serial_bayou_lake_a, uniq_nessos
Lair:5:   layout_concentric_octagons, minmay_slime_entry_pillars
Lair:6:   hangedman_lair_in_review, layout_regular_city,
          hangedman_lair_caniforms_friends, serial_bayou, serial_bayou_shore_b,
          serial_bayou_pond_d, serial_bayou_pond_d, serial_bayou_pond_d,
          basic_altar
Swamp:1:  layout_basic_swamp, evilmike_swamp_ruin_house_4
Swamp:2:  layout_basic_swamp, gammafunk_ghost_hydra_chop,
          evilmike_swamp_ruin_house_3, infiniplex_staircase_pool
Swamp:3:  layout_falls_marsh, hangedman_swamp_ruin_wall, swamp_pool3
Swamp:4:  swamp, layout_basic_swamp, uniq_mlioglotl
Spider:1: layout_spider_delve, uniq_louise
Spider:2: layout_chambers, beargit_elvish_explorers, nicolae_spider_cling_halls
Spider:3: cheibrodos_forgotten_conduit, nicolae_spider_eight_legs
Spider:4: guppyfry_spider_rune, hangedman_stitches_earthworm, uniq_agnes
Slime:1:  layout_caves
Slime:2:  layout_caves, basic_altar
Slime:3:  layout_caves
Slime:4:  layout_caves
Slime:5
Orc:1:    layout_caves, uniq_sonja
Orc:2:    st_orc_congregation, layout_caves
Elf:1:    eino_elf_arrival_customs, layout_onion_city, nicolae_rare_books
Elf:2:    nicolae_elf_blades_crystal_corner, layout_geoelf_diagonals,
          serial_shops, nicolae_shop_waterfront, uniq_donald
Elf:3:    elf_hall_gauntlet_narrow, layout_loops_ring, serial_shops,
          nicolae_shop_waterfront, drop_trap
Depths:1: evilmike_cross, layout_twisted_cross, grunt_hell_horde, minivault_11,
          hangedman_cracks_in_the_wall
Depths:2: hangedman_crystal_crosses_colossus [crystal_crosses_arms_four,
          crystal_crosses_arms_four, crystal_crosses_arms_two,
          crystal_crosses_arms_one], pan_entry, hell_entry

Skill      XL: |  1  2  3  4  5  6  7  8  9 10 11 12 13 14 15 16 17 18 19 20 21 22 23 |
---------------+----------------------------------------------------------------------+-----
Invocations    | 1 2 3 4 5 6 7 8 9 10 11 12 13 14 15 16 | 16.6
Axes           | 1 2 3 5 6 7 8 9 10 11 12 13 14 15 | 15.3
Maces & Flails | 1 2 3 5 6 7 8 9 10 11 12 13 14 15 | 15.3
Polearms       | 1 2 3 5 6 7 8 9 10 11 12 13 14 15 | 15.3
Staves         | 1 2 3 5 6 7 8 9 10 11 12 13 14 15 | 15.3
Slings         | 1 2 3 5 6 7 8 9 10 11 12 13 14 15 | 15.3
Bows           | 1 2 3 5 6 7 8 9 10 11 12 13 14 15 | 15.3
Crossbows      | 1 2 3 5 6 7 8 9 10 11 12 13 14 15 | 15.3
Throwing       | 1 2 3 5 6 7 8 9 10 11 12 13 14 15 | 15.3
Stealth        | 1 2 3 5 6 7 8 9 10 11 12 13 14 15 | 15.3
Shields        | 1 2 3 5 6 7 8 9 10 11 12 13 14 15 | 15.3
Unarmed Combat | 1 2 3 5 6 7 8 9 10 11 12 13 14 15 | 15.3
Spellcasting   | 1 2 3 5 6 7 8 9 10 11 12 13 14 15 | 15.3
Conjurations   | 1 2 3 4 5 6 7 8 9 10 11 12 13 | 13.0
Hexes          | 1 2 3 4 5 6 7 8 9 10 11 12 13 | 13.0
Summonings     | 1 2 3 4 5 6 7 8 9 10 11 12 13 | 13.0
Necromancy     | 1 2 3 4 5 6 7 8 9 10 11 12 13 | 13.0
Translocations | 1 2 3 4 5 6 7 8 9 10 11 12 13 | 13.0
Transmutations | 1 2 3 4 5 6 7 8 9 10 11 12 13 | 13.0
Fire Magic     | 1 2 3 4 5 6 7 8 9 10 11 12 13 | 13.0
Ice Magic      | 1 2 3 4 5 6 7 8 9 10 11 12 13 | 13.0
Air Magic      | 1 2 3 4 5 6 7 8 9 10 11 12 13 | 13.0
Earth Magic    | 1 2 3 4 5 6 7 8 9 10 11 12 13 | 13.0
Poison Magic   | 1 2 3 4 5 6 7 8 9 10 11 12 13 | 13.0
Fighting       | 3 4 5 6 7 8 9 10 11 12 13 14 15 | 15.5
Long Blades    | 5 6 7 8 9 10 11 12 13 14 15 | 15.9
Armour         | 3 4 5 6 7 8 9 10 11 12 13 14 15 | 15.5
Dodging        | 5 6 7 8 9 10 11 12 13 14 15 | 15.9
Evocations     | 3 4 5 6 7 8 9 10 11 12 13 14 15 | 15.5
Short Blades   | 7 8 9 10 11 12 13 14 15 16 | 16.5

Action                   |  1- 3 |  4- 6 |  7- 9 | 10-12 | 13-15 | 16-18 | 19-21 | 22-24 || total
-------------------------+-------+-------+-------+-------+-------+-------+-------+-------++-------
Melee: Rapier            |   145 |    88 |   191 |       |       |       |       |       ||   424
       Bite              |     7 |    11 |    29 |    50 |   142 |    58 |    46 |    63 ||   406
       Punch             |     1 |     3 |     5 |     8 |       |       |       |       ||    17
       Broad axe         |       |       |    48 |       |       |       |       |       ||    48
       Scimitar          |       |       |    34 |   403 |   548 |   960 |   770 |   726 ||  3441
       Dagger            |       |       |       |       |   516 |       |       |       ||   516
 Fire: Hand crossbow     |       |       |    11 |     8 |    14 |       |       |       ||    33
Throw: Dart              |       |     6 |       |    33 |    43 |     6 |     2 |       ||    90
       Javelin           |       |       |       |       |     4 |     3 |     6 |       ||    13
 Cast: Summon Ice Beast  |       |       |       |    19 |    28 |     2 |       |       ||    49
       Poisonous Vapours |       |       |       |    64 |    42 |       |       |       ||   106
       Cause Fear        |       |       |       |     5 |     2 |       |       |       ||     7
       Summon Mana Viper |       |       |       |     9 |    34 |     3 |       |     1 ||    47
       Fulminant Prism   |       |       |       |       |    52 |     3 |     4 |     5 ||    64
       Manifold Assault  |       |       |       |       |    97 |   345 |   279 |   193 ||   914
       Conjure Ball Ligh |       |       |       |       |     2 |       |       |     8 ||    10
       Freezing Cloud    |       |       |       |       |    41 |   132 |    67 |    20 ||   260
       Passwall          |       |       |       |       |     4 |       |     1 |       ||     5
       Statue Form       |       |       |       |       |       |     1 |    63 |    41 ||   105
Invok: Curse Item        |     2 |     1 |     2 |     3 |     2 |     4 |     1 |     1 ||    16
       Shatter the Chain |       |       |       |     1 |     3 |       |     1 |       ||     5
Evoke: Wand              |       |       |     1 |     6 |    15 |     8 |     1 |     3 ||    34
       Tin of tremorston |       |       |       |     2 |     6 |     3 |     6 |     3 ||    20
       Phantom mirror    |       |       |       |       |       |     2 |     1 |     1 ||     4
       Condenser vane    |       |       |       |       |       |     1 |     1 |     2 ||     4
       Lightning rod     |       |       |       |       |       |       |     7 |     5 ||    12
  Use: Potion            |       |     1 |     5 |     2 |     4 |       |     6 |     5 ||    23
       Scroll            |       |       |     1 |     4 |     7 |     2 |       |     6 ||    20
 Stab: Sleeping          |       |     1 |    14 |     5 |     9 |     8 |     4 |     9 ||    50
       Invisible         |       |       |     1 |       |       |       |       |       ||     1
       Paralysed         |       |       |       |     3 |       |       |       |       ||     3
       Distracted        |       |       |       |       |    12 |     4 |     1 |     2 ||    19
Armor: Leather armour    |    43 |    16 |    21 |       |       |       |       |       ||    80
       Acid dragon scale |       |       |    23 |       |       |       |       |       ||    23
       Robe              |       |       |     5 |     2 |       |       |       |       ||     7
       Troll leather arm |       |       |       |    90 |    72 |       |       |       ||   162
       Ring mail         |       |       |       |       |    67 |    94 |    23 |     7 ||   191
       Skin              |       |       |       |       |       |     5 |   203 |   200 ||   408
Dodge: Dodged            |   100 |    43 |   193 |   276 |   299 |   190 |   469 |   501 ||  2071
Block: Other             |    30 |    16 |    65 |    60 |       |       |       |       ||   171
       Reflection        |       |       |     1 |     6 |     9 |    36 |    10 |       ||    62
       Kite shield       |       |       |       |    75 |   648 |   324 |   459 |   428 ||  1934

Table legend: (Time is in decaauts)
 A = Elapsed time spent in this place.
 B = Non-inter-level travel time spent in this place.
 C = Inter-level travel time spent in this place.
 D = Time resting spent in this place.
 E = Time spent auto-exploring this place.
 F = Levels seen in this place.
 G = Mean time per level.
                   A        B        C        D        E       F      G
               +--------+--------+--------+--------+--------+-----+--------+
         Total |  61678 |  55797 |   5881 |  12274 |  30614 |  43 | 1434.4 |
       Dungeon |  19378 |  17424 |   1954 |   3114 |  10313 |  15 | 1291.9 |
          Lair |   9713 |   8567 |   1146 |   1731 |   5243 |   6 | 1618.8 |
         Swamp |   5740 |   5319 |    421 |   1993 |   2384 |   4 | 1435.0 |
   Spider Nest |   5842 |   5466 |    376 |    969 |   3092 |   4 | 1460.5 |
    Slime Pits |   5173 |   4706 |    467 |   1706 |   1989 |   5 | 1034.6 |
  Orcish Mines |   3469 |   2811 |    658 |    362 |   1305 |   2 | 1734.5 |
   Elven Halls |   8450 |   7691 |    759 |   1746 |   4519 |   3 | 2816.7 |
        Depths |   3100 |   3003 |     97 |    402 |   1570 |   2 | 1550.0 |
         Abyss |     57 |     57 |      0 |      0 |      0 |   1 |   57.0 |
      Gauntlet |    751 |    751 |      0 |    248 |    199 |   1 |  751.0 |
               +--------+--------+--------+--------+--------+-----+--------+

Top non-repeatable levels by time:
   Elf:2: 3281 daAuts
    D:13: 2824 daAuts
   Orc:2: 2733 daAuts
   Elf:3: 2708 daAuts
     D:6: 2479 daAuts
   Elf:1: 2460 daAuts
  Lair:6: 2419 daAuts
 Slime:4: 2145 daAuts
 Swamp:3: 2040 daAuts
  Lair:4: 1949 daAuts
Depths:1: 1708 daAuts
  Lair:3: 1704 daAuts
Spider:3: 1655 daAuts
Spider:2: 1580 daAuts
    D:15: 1579 daAuts
